 Dungeon Crawl Stone Soup version 0.29.1-2-gbd0b4ee654 (webtiles) character file.

Game seed: 15815760795016110955

347 Avanven the Cudgeller (level 6, -3/37 HPs)
             Began as a Gargoyle Fighter on Nov 9, 2022.
             Killed from afar by a white imp (7 damage)
             ... with a puff of frost
             ... on level 5 of the Dungeon.
             The game lasted 00:05:42 (3139 turns).

Avanven the Cudgeller (Gargoyle Fighter)            Turns: 3139, Time: 00:05:43

Health: -3/37      AC: 12    Str: 22    XL:     6   Next: 59%
Magic:  6/6        EV:  9    Int:  8    God:
Gold:   90         SH:  4    Dex:  9    Spells: 5/5 levels left

rFire   . . .      SeeInvis .   a - +1 flail
rCold   . . .      Faith    .   c - +0 buckler
rNeg    + . .      Spirit   .   b - +0 scale mail
rPois   ∞          Reflect  .   (no helmet)
rElec   +          Harm     .   (no cloak)
rCorr   .          Rampage  .   i - +0 pair of gloves
Will    .....                   (no boots)
Stlth   ..........              (no amulet)
HPRegen 0.12/turn               (no ring)
MPRegen 0.10/turn               (no ring)

@: no status effects
A: sickness immunity, AC +4, negative energy resistance 1, electricity
resistance, torment resistance 1, petrification resistance
a: no special abilities


You were on level 5 of the Dungeon.
You visited 1 branch of the dungeon, and saw 5 of its levels.

You collected 90 gold pieces.

Inventory:

Hand Weapons
 a - a +1 flail (weapon)
Missiles
 g - 6 javelins (quivered)
Armour
 b - a +0 scale mail (worn)
 c - a +0 buckler (worn)
 i - a +0 pair of gloves (worn)
Jewellery
 h - a +4 ring of evasion
Scrolls
 e - a scroll of identify
 k - a scroll of teleportation {unknown}
 l - a scroll of noise
 m - a scroll of silence {unknown}
Potions
 f - 2 potions of berserk rage {unknown}
 j - a potion of curing


   Skills:
 - Level 3.2 Fighting
 * Level 6.8 Maces & Flails
 - Level 3.2 Armour
 - Level 3.2 Shields


You had 5 spell levels left.
You didn't know any spells.
Your spell library contained the following spells:

 Spells                   Type           Power      Damage    Failure   Level
 Freeze                   Ice            0%         1d3       83%         1


Dungeon Overview and Level Annotations

Branches:
Dungeon (5/15)
 Temple: D:4-7

Altars:
Trog
Uskayaw

Shops:
D:5 =

Annotations:
D:3 Sigmund


Innate Abilities, Weirdness & Mutations

You are immune to sickness and miasma.
Your stone body is resilient. (AC +4)
You are immune to poison.
You resist negative energy. (rN+)
You are resistant to electric shocks. (rElec)
You are resistant to unholy torment.
You are immune to petrification.


Message History

The puff of frost hits you! The orc hits you with a +0 club.
The orc barely misses you. The orc hits you but does no damage.
The orc hits you with a +0 short sword. The white imp barely misses you.
You hit the white imp.
The white imp is heavily wounded.
The orc barely misses you. The orc hits you with a +0 short sword.
* * * LOW HITPOINT WARNING * * *
The white imp picks up a beetle and eats it.
The white imp hits you.
* * * LOW HITPOINT WARNING * * *
The white imp freezes you.
* * * LOW HITPOINT WARNING * * *
You closely miss the white imp.
The white imp is heavily wounded.
You block the orc's attack. The orc hits you with a +0 short sword.
* * * LOW HITPOINT WARNING * * *
The white imp hits you but does no damage.
You closely miss the white imp.
The white imp is heavily wounded.
The orc hits you but does no damage. The white imp gestures at you.
The puff of frost hits you.
* * * LOW HITPOINT WARNING * * *
The orc hits you but does no damage.
You closely miss the white imp.
The white imp is heavily wounded.
You block the orc's attack. The orc hits you but does no damage.
The white imp hits you but does no damage.
You hit the white imp but do no damage.
The white imp is heavily wounded.
The orc hits you but does no damage. The orc hits you with a +0 short sword.
* * * LOW HITPOINT WARNING * * *
You block the white imp's attack.
Unknown command.
You barely miss the white imp.
The white imp is moderately wounded.
The orc hits you but does no damage. The orc closely misses you.
The white imp gestures at you. The puff of frost hits you!
You die...

...........
/.###.#....... .#
#............## .
..............#.#
........##....#.####
.......# #<.......#
.....# ##........
#.o####.......?
#@5..)...!....
#..5.o######.......
#..∩.. ......#
#..... ......#
#.#...# ......#
#..### .....## ##.
.....# # .....#


You could see 2 white imps and 2 orcs.

Vanquished Creatures
  A phantom (D:4)
  A hound (D:4)
  2 iguanas
  Natasha (D:3)
  An orc wizard (D:5)
  Robin (D:2)
  4 adders
  2 ufetubi (D:4)
  A worm (D:2)
  3 dart slugs
  An orc (D:5)
  6 ball pythons
  5 endoplasms
  2 giant cockroaches
  11 hobgoblins
  4 jackals
  4 quokkas
  6 bats
  2 frilled lizards (D:2)
  10 goblins
  9 kobolds
  A rat (D:2)
78 creatures vanquished.

Notes
Turn   | Place    | Note
-------+----------+-------------------------------------------
     0 | D:1      | Avanven the Gargoyle Fighter began the quest for the Orb.
     0 | D:1      | Reached XP level 1. HP: 14/14 MP: 1/1
   115 | D:1      | Reached XP level 2. HP: 19/19 MP: 2/2
   367 | D:1      | Reached skill level 3 in Maces & Flails
  1082 | D:2      | Reached XP level 3. HP: 23/23 MP: 3/3
  1088 | D:2      | Noticed Robin
  1516 | D:2      | Found a faded altar of an unknown god.
  1524 | D:2      | Got Plato's Discourse on Ice
  1645 | D:2      | Killed Robin
  1646 | D:2      | Reached skill level 4 in Maces & Flails
  1765 | D:2      | Reached XP level 4. HP: 28/28 MP: 4/4
  2305 | D:3      | Noticed Natasha
  2307 | D:3      | Noticed Sigmund
  2311 | D:3      | Killed Natasha
  2312 | D:3      | Reached skill level 5 in Maces & Flails
  2332 | D:4      | Reached XP level 5. HP: 4/32 MP: 5/5
  2364 | D:4      | Found a hide-covered altar of Uskayaw.
  2689 | D:4      | Noticed a phantom
  2699 | D:4      | Killed a phantom
  2700 | D:4      | Reached skill level 6 in Maces & Flails
  2700 | D:4      | Reached XP level 6. HP: 26/37 MP: 6/6
  2996 | D:3      | Found a bloodstained altar of Trog.
  2999 | D:3      | Found a faded altar of an unknown god.
  3095 | D:5      | Entered Level 5 of the Dungeon
  3125 | D:5      | Found Porrops's One-of-a-Kind Rings.
  3139 | D:5      | Killed from afar by a white imp

Illustrated notes

Levels and vault maps discovered:
D:1:      dpeg_arrival_rooms_b, layout_basic, serial_aquarium,
          aquarium_bridge_square [aquarium_subvault_wall,
          aquarium_subvault_bridge, aquarium_subvault_bridge,
          aquarium_subvault_bridge], aquarium_window_1, aquarium_window_1,
          aquarium_view_2d, aquarium_pool_corner, kennysheep_flooded_box
D:2:      layout_loops_ring, shapermc_ecumenical_altar_rom_forum, uniq_robin
D:3:      layout_loops_ring, nicolae_overflow_ecumenical_swirl,
          nicolae_overflow_crystal_walls, grunt_ministairs_7,
          minmay_diced_spiral, uniq_sigmund, uniq_natasha
D:4:      layout_basic, nicolae_uskayaw_dance_hall
D:5:      layout_rooms, temple_green, nicolae_shop_unique_rings, uniq_pikel

Skill      XL: |  1  2  3  4  5 |
---------------+----------------+-----
Maces & Flails | 3 4 5 6 |  6.8
Fighting       | |  3.2
Armour         | |  3.2
Shields        | |  3.2

Action                   |  1- 3 |  4- 6 || total
-------------------------+-------+-------++-------
Melee: Flail             |   135 |   132 ||   267
Throw: Javelin           |     1 |       ||     1
  Use: Scroll            |     3 |     4 ||     7
       Potion            |       |     4 ||     4
Armor: Scale mail        |    87 |   112 ||   199
Dodge: Dodged            |    74 |    72 ||   146
Block: Buckler           |    28 |    43 ||    71
